| TOP OF THE 1ST |
|
San Diego Padres batting - Pitching for Chicago Cubs : RHP Ray Burris
|
|
Pitching: RHP Ray Burris
|
|
|
Batting: RHB Dennis Dungy
|
0-0: Called Strike 0-1: Swinging Strike 0-2: Ball 1-2: Ball 2-2: Foul Ball, location: 2F 2-2: Foul Ball, location: 2F 2-2: Foul Ball, location: 2F 2-2: Strikes out swinging
|
|
Batting: RHB Bob Dernier
|
0-0: Called Strike 0-1: Foul Ball, location: 2F 0-2: Ball 1-2: Ball 2-2: Fly out, F4 (Popup, 34, EV 80.0 MPH)
|
|
Batting: LHB Mike Cole
|
0-0: Ball 1-0: Foul Ball, location: 2F 1-1: Foul Ball, location: 2F 1-2: Fly out, F8 (Flyball, 8LD, EV 91.3 MPH)
|
| Top of the 1st over - 0 runs, 0 hits, 0 errors, 0 left on base; San Diego 0 - Chicago 0 |
| BOTTOM OF THE 1ST |
|
Chicago Cubs batting - Pitching for San Diego Padres : RHP Brian Allard
|
|
Pitching: RHP Brian Allard
|
|
|
Batting: RHB Gary Ward
|
0-0: Ball 1-0: SINGLE (Line Drive, 4D, EV 96.3 MPH)
|
|
Batting: LHB Gerald Perry
|
0-0: Ball 1-0: Ball 2-0: Called Strike 2-1: Fielders Choice at 2nd, 4-6 (Groundball, 4M, EV 110.6 MPH)
|
|
Batting: LHB Dave Bergman
|
0-0: Ball 1-0: Ball 2-0: Called Strike 2-1: Fielders Choice at 2nd, 6-4 (Groundball, 6S, EV 88.1 MPH)
|
|
Batting: SHB Roy Smalley
|
0-0: Ball 1-0: Ball 2-0: Ball 3-0: Base on Balls Dave Bergman to second
|
|
Batting: LHB Robert Kraft
|
0-0: Ball 1-0: Ball 2-0: Foul Ball, location: 2F 2-1: Ball 3-1: Fielders Choice at 2nd, 6-4 (Groundball, 6, EV 91.3 MPH)
|
| Bottom of the 1st over - 0 runs, 1 hit, 0 errors, 2 left on base; San Diego 0 - Chicago 0 |
| TOP OF THE 2ND |
|
San Diego Padres batting - Pitching for Chicago Cubs : RHP Ray Burris
|
|
Batting: LHB Tom Dunbar
|
0-0: Fly out, F8 (Line Drive, 8LM, EV 110.0 MPH)
|
|
Batting: RHB Dave Edler
|
0-0: Ball 1-0: Fly out, F7 (Line Drive, 7, EV 90.0 MPH)
|
|
Batting: LHB Darrell Porter
|
0-0: Ball 1-0: Ground out U3 (Groundball, 3, EV 86.9 MPH)
|
| Top of the 2nd over - 0 runs, 0 hits, 0 errors, 0 left on base; San Diego 0 - Chicago 0 |
| BOTTOM OF THE 2ND |
|
Chicago Cubs batting - Pitching for San Diego Padres : RHP Brian Allard
|
|
Batting: RHB Randy Ready
|
0-0: Called Strike 0-1: Ball 1-1: Swinging Strike 1-2: Ball 2-2: Ground out 5-3 (Groundball, 5, EV 94.4 MPH)
|
|
Batting: RHB Marty Castillo
|
0-0: Ball 1-0: Foul Ball, location: 2F 1-1: Ball 2-1: Ball 3-1: Foul Ball, location: 2F 3-2: Foul Ball, location: 2F 3-2: SINGLE (Line Drive, 9S, EV 110.0 MPH)
|
|
Batting: RHB Bob Brenly
|
0-0: Called Strike 0-1: Foul Ball, location: 2F 0-2: Ball 1-2: Strikes out looking
|
|
Batting: RHB Ray Burris
|
0-0: Foul Ball, location: 2F 0-1: Ball 1-1: Swinging Strike 1-2: Strikes out swinging
|
| Bottom of the 2nd over - 0 runs, 1 hit, 0 errors, 1 left on base; San Diego 0 - Chicago 0 |
| TOP OF THE 3RD |
|
San Diego Padres batting - Pitching for Chicago Cubs : RHP Ray Burris
|
|
Batting: RHB Mike Calise
|
0-0: Ball 1-0: Ball 2-0: Foul Ball, location: 2F 2-1: Foul Ball, location: 2F 2-2: Foul Ball, location: 2F 2-2: Fly out, F8 (Flyball, 8RXD, EV 105.0 MPH)
|
|
Batting: LHB Jeffrey Zitek
|
0-0: Ball 1-0: Called Strike 1-1: Ball 2-1: Foul Ball, location: 2F 2-2: Fly out, F9 (Flyball, 89D, EV 87.5 MPH)
|
|
Batting: RHB Brian Allard
|
0-0: Called Strike 0-1: Ground out 5-3 (Groundball, 56S, EV 85.6 MPH)
|
| Top of the 3rd over - 0 runs, 0 hits, 0 errors, 0 left on base; San Diego 0 - Chicago 0 |
| BOTTOM OF THE 3RD |
|
Chicago Cubs batting - Pitching for San Diego Padres : RHP Brian Allard
|
|
Batting: RHB Gary Ward
|
0-0: Called Strike 0-1: Ball 1-1: Fly out, F8 (Line Drive, 8LM, EV 103.1 MPH)
|
|
Batting: LHB Gerald Perry
|
0-0: Fly out, F7 (Flyball, 78D, EV 105.0 MPH)
|
|
Batting: LHB Dave Bergman
|
0-0: Foul Ball, location: 2F 0-1: Ball 1-1: Ball 2-1: Called Strike 2-2: Ball 3-2: Foul Ball, location: 2F 3-2: Strikes out swinging
|
| Bottom of the 3rd over - 0 runs, 0 hits, 0 errors, 0 left on base; San Diego 0 - Chicago 0 |
| TOP OF THE 4TH |
|
San Diego Padres batting - Pitching for Chicago Cubs : RHP Ray Burris
|
|
Batting: RHB Dennis Dungy
|
0-0: Fly out, F7 (Flyball, 7, EV 91.9 MPH)
|
|
Batting: RHB Bob Dernier
|
0-0: Called Strike 0-1: Foul Ball, location: 2F 0-2: Foul Ball, location: 2F 0-2: Foul Ball, location: 2F 0-2: Ball 1-2: Ground out 6-3 (Groundball, 6, EV 96.9 MPH)
|
|
Batting: LHB Mike Cole
|
0-0: Swinging Strike 0-1: Ball 1-1: Foul Ball, location: 2F 1-2: Foul Ball, location: 2F 1-2: Ball 2-2: Ball 3-2: Foul Ball, location: 2F 3-2: Ground out U3 (Groundball, 3S, EV 66.3 MPH)
|
| Top of the 4th over - 0 runs, 0 hits, 0 errors, 0 left on base; San Diego 0 - Chicago 0 |
| BOTTOM OF THE 4TH |
|
Chicago Cubs batting - Pitching for San Diego Padres : RHP Brian Allard
|
|
Batting: SHB Roy Smalley
|
0-0: Ground out U3 (Groundball, 3, EV 90.6 MPH)
|
|
Batting: LHB Robert Kraft
|
0-0: Ball 1-0: Ball 2-0: Foul Ball, location: 2F 2-1: Foul Ball, location: 2F 2-2: Foul Ball, location: 2F 2-2: Ball 3-2: SINGLE (Groundball, 4MD, EV 105.6 MPH)
|
|
Batting: RHB Randy Ready
|
0-0: Ball 1-0: Ball 2-0: Ball 3-0: Base on Balls Robert Kraft to second
|
|
Batting: RHB Marty Castillo
|
0-0: Ball 1-0: Swinging Strike 1-1: Swinging Strike 1-2: Fly out, F9 (Flyball, 9LD, EV 95.6 MPH) Runner from 2nd tags up, SAFE at 3rd, no throw by RF
|
|
Batting: RHB Bob Brenly
|
0-0: Called Strike 0-1: Foul Ball, location: 2F 0-2: Ball 1-2: Foul Ball, location: 2F 1-2: Foul Ball, location: 2F 1-2: Strikes out swinging
|
| Bottom of the 4th over - 0 runs, 1 hit, 0 errors, 2 left on base; San Diego 0 - Chicago 0 |
| TOP OF THE 5TH |
|
San Diego Padres batting - Pitching for Chicago Cubs : RHP Ray Burris
|
|
Batting: LHB Tom Dunbar
|
0-0: SINGLE (Groundball, 34D, EV 101.3 MPH)
|
|
Batting: RHB Dave Edler
|
0-0: Ball 1-0: Ball 2-0: Ball 3-0: Base on Balls Tom Dunbar to second
|
|
Batting: LHB Darrell Porter
|
0-0: Called Strike 0-1: Called Strike 0-2: Ball 1-2: Strikes out swinging
|
|
Batting: RHB Mike Calise
|
0-0: Called Strike 0-1: Ground out 5-3 (Groundball, 56S, EV 70.0 MPH) Tom Dunbar to third Dave Edler to second
|
|
Batting: LHB Jeffrey Zitek
|
0-0: Intentional Walk
|
|
Batting: RHB Brian Allard
|
0-0: Foul Ball, location: 2F 0-1: Fly out, F8 (Flyball, 8LS, EV 94.4 MPH)
|
| Top of the 5th over - 0 runs, 1 hit, 0 errors, 3 left on base; San Diego 0 - Chicago 0 |
| BOTTOM OF THE 5TH |
|
Chicago Cubs batting - Pitching for San Diego Padres : RHP Brian Allard
|
|
Batting: RHB Ray Burris
|
0-0: Ball 1-0: Ball 2-0: Ball 3-0: Called Strike 3-1: Base on Balls
|
|
Batting: RHB Gary Ward
|
0-0: Ball 1-0: Called Strike 1-1: Grounds into double play, 4-6-3 (Groundball, 34, EV 103.1 MPH)
|
|
Batting: LHB Gerald Perry
|
0-0: Ball 1-0: Ball 2-0: Called Strike 2-1: Fly out, F6 (Popup, 6M, EV 70.6 MPH)
|
| Bottom of the 5th over - 0 runs, 0 hits, 0 errors, 0 left on base; San Diego 0 - Chicago 0 |
| TOP OF THE 6TH |
|
San Diego Padres batting - Pitching for Chicago Cubs : RHP Ray Burris
|
|
Batting: RHB Dennis Dungy
|
0-0: Called Strike 0-1: Called Strike 0-2: Foul Ball, location: 2F 0-2: Foul Ball, location: 2F 0-2: Foul Ball, location: 2F 0-2: Foul Ball, location: 2F 0-2: Strikes out swinging
|
|
Batting: RHB Bob Dernier
|
0-0: Reached on error, E5 (Groundball, 56S, EV 73.8 MPH)
|
|
Batting: LHB Mike Cole
|
0-0: Called Strike 0-1: Ball 1-1: Swinging Strike 1-2: Foul Ball, location: 2F 1-2: Foul Ball, location: 2F 1-2: SINGLE (Flyball, 5D, EV 87.5 MPH) Bob Dernier to second
|
|
Batting: LHB Tom Dunbar
|
0-0: Ball Bob Dernier steals 3rd base Mike Cole to second 1-0: Intentional Walk
|
|
Batting: RHB Dave Edler
|
0-0: Ball 1-0: Swinging Strike 1-1: Foul Ball, location: 2F 1-2: Strikes out swinging
|
|
Batting: LHB Darrell Porter
|
0-0: Swinging Strike 0-1: Ball 1-1: Fly out, F6 (Popup, 6M, EV 78.1 MPH)
|
| Top of the 6th over - 0 runs, 1 hit, 1 error, 3 left on base; San Diego 0 - Chicago 0 |
| BOTTOM OF THE 6TH |
|
Chicago Cubs batting - Pitching for San Diego Padres : RHP Brian Allard
|
|
Batting: LHB Dave Bergman
|
0-0: Ball 1-0: Foul Ball, location: 2F 1-1: Ball 2-1: Foul Ball, location: 2F 2-2: Foul Ball, location: 2F 2-2: Ground out 4-3 (Groundball, 4, EV 88.1 MPH)
|
|
Batting: SHB Roy Smalley
|
0-0: Ball 1-0: Foul Ball, location: 2F 1-1: Ball 2-1: Called Strike 2-2: Fly out, F9 (Flyball, 89M, EV 88.1 MPH)
|
|
Batting: LHB Robert Kraft
|
0-0: Ball 1-0: Ball 2-0: Ball 3-0: Called Strike 3-1: Base on Balls
|
|
Batting: RHB Randy Ready
|
0-0: Ball 1-0: Foul Ball, location: 2F 1-1: Ball 2-1: SINGLE (Groundball, 34D, EV 99.4 MPH) Robert Kraft to second Runner from 2nd tries for 3rd, SAFE, throw by RF made to third
|
|
Batting: RHB Marty Castillo
|
0-0: Ball 1-0: Fly out, F9 (Flyball, 89D, EV 101.9 MPH)
|
| Bottom of the 6th over - 0 runs, 1 hit, 0 errors, 2 left on base; San Diego 0 - Chicago 0 |
| TOP OF THE 7TH |
|
San Diego Padres batting - Pitching for Chicago Cubs : RHP Ray Burris
|
|
Batting: RHB Mike Calise
|
0-0: Called Strike 0-1: Fly out, F7 (Flyball, 7, EV 80.6 MPH)
|
|
Batting: LHB Jeffrey Zitek
|
0-0: Fly out, F7 (Flyball, 7D, EV 108.1 MPH)
|
|
Batting: RHB Brian Allard
|
0-0: Reached on error, E5 (Groundball, 56S, EV 86.9 MPH)
|
|
Batting: RHB Dennis Dungy
|
0-0: Called Strike 0-1: Foul Ball, location: 2F 0-2: Ball 1-2: Foul Ball, location: 2F 1-2: Ball 2-2: Ball 3-2: SINGLE (Groundball, 6MD, EV 100.6 MPH) Brian Allard to second Brian Allard to third
|
|
Batting: RHB Bob Dernier
|
0-0: Ball 1-0: Swinging Strike 1-1: Foul Ball, location: 2F Balk! Brian Allard scores Dennis Dungy to second 1-2: Ground out 5-3 (Groundball, 56, EV 84.4 MPH)
|
| Top of the 7th over - 1 run, 1 hit, 1 error, 1 left on base; San Diego 1 - Chicago 0 |
| BOTTOM OF THE 7TH |
|
Chicago Cubs batting - Pitching for San Diego Padres : RHP Brian Allard
|
|
Now in RF: Kelvin Moore
|
|
|
Batting: RHB Bob Brenly
|
0-0: Called Strike 0-1: Fly out, F4 (Popup, 4D, EV 60.0 MPH)
|
|
Batting: RHB Ray Burris
|
0-0: SINGLE (Groundball, 4MD, EV 103.1 MPH)
|
|
Batting: RHB Gary Ward
|
0-0: Called Strike 0-1: SINGLE (Line Drive, 9S, EV 98.1 MPH) Ray Burris to second Runner from 2nd tries for 3rd, SAFE, throw by RF made to third
|
|
Batting: LHB Gerald Perry
|
0-0: Ball 1-0: Fly out, F9 (Flyball, 9LS, EV 85.6 MPH)
|
|
Batting: LHB Dave Bergman
|
0-0: Ball 1-0: Ball 2-0: Foul Ball, location: 2F 2-1: Fly out, F8 (Line Drive, 8RM, EV 87.5 MPH)
|
| Bottom of the 7th over - 0 runs, 2 hits, 0 errors, 2 left on base; San Diego 1 - Chicago 0 |
| TOP OF THE 8TH |
|
San Diego Padres batting - Pitching for Chicago Cubs : RHP Ray Burris
|
|
Batting: LHB Mike Cole
|
0-0: Called Strike 0-1: Ground out 5-3 (Groundball, 56S, EV 81.3 MPH)
|
|
Batting: LHB Tom Dunbar
|
0-0: Called Strike 0-1: Ball 1-1: Ball 2-1: Foul Ball, location: 2F 2-2: Ball 3-2: Foul Ball, location: 2F 3-2: Base on Balls
|
|
Batting: RHB Dave Edler
|
0-0: Ball Tom Dunbar steals 2nd base (no throw) 1-0: Foul Ball, location: 2F 1-1: Ball 2-1: Foul Ball, location: 2F 2-2: Foul Ball, location: 2F 2-2: Ball 3-2: Fly out, F8 (Flyball, 8RXD, EV 87.5 MPH) Runner from 2nd tags up, SAFE at 3rd, no throw by CF
|
|
Batting: LHB Darrell Porter
|
0-0: Intentional Walk
|
|
Pitching: LHP Dave Dravecky
|
|
|
Batting: RHB Mike Calise
|
0-0: Fly out, F3 (Popup, 34S, EV 63.1 MPH)
|
| Top of the 8th over - 0 runs, 0 hits, 0 errors, 2 left on base; San Diego 1 - Chicago 0 |
| BOTTOM OF THE 8TH |
|
Chicago Cubs batting - Pitching for San Diego Padres : RHP Brian Allard
|
|
Batting: SHB Roy Smalley
|
0-0: Ball 1-0: Foul Ball, location: 2F 1-1: Swinging Strike 1-2: Ball 2-2: Fly out, F8 (Flyball, 8LM, EV 93.8 MPH)
|
|
Batting: LHB Robert Kraft
|
0-0: Called Strike 0-1: Ball 1-1: Ball 2-1: Ball 3-1: Called Strike 3-2: Base on Balls
|
|
Batting: RHB Randy Ready
|
0-0: Called Strike 0-1: Ball 1-1: Ball Robert Kraft is caught stealing 2nd base 2-4 2-1: Ball 3-1: Fly out, F6 (Line Drive, 6, EV 74.4 MPH)
|
| Bottom of the 8th over - 0 runs, 0 hits, 0 errors, 0 left on base; San Diego 1 - Chicago 0 |
| TOP OF THE 9TH |
|
San Diego Padres batting - Pitching for Chicago Cubs : LHP Dave Dravecky
|
|
Batting: LHB Jeffrey Zitek
|
0-0: Foul Ball, location: 2F 0-1: Foul Ball, location: 2F 0-2: Ball 1-2: Strikes out looking
|
|
Batting: RHB Brian Allard
|
0-0: Fly out, F9 (Flyball, 9LS, EV 83.8 MPH)
|
|
Batting: RHB Kelvin Moore
|
0-0: Ball 1-0: Called Strike 1-1: SINGLE (Line Drive, 78S, EV 101.9 MPH)
|
|
Batting: RHB Bob Dernier
|
0-0: Ball 1-0: Swinging Strike 1-1: Fielders Choice at 2nd, 6-4 (Groundball, 6, EV 109.4 MPH)
|
| Top of the 9th over - 0 runs, 1 hit, 0 errors, 1 left on base; San Diego 1 - Chicago 0 |
| BOTTOM OF THE 9TH |
|
Chicago Cubs batting - Pitching for San Diego Padres : RHP Brian Allard
|
|
Pinch Hitting: RHB Lonnie Smith
|
0-0: Ball 1-0: Ball 2-0: Foul Ball, location: 2F 2-1: Foul Ball, location: 2F 2-2: Strikes out swinging
|
|
Pitching: RHP David Sandoval
|
|
|
Batting: RHB Bob Brenly
|
0-0: Called Strike 0-1: Ball 1-1: Called Strike 1-2: Strikes out swinging
|
|
Pinch Hitting: RHB Rick Cerone
|
0-0: Ball 1-0: Foul Ball, location: 2F 1-1: Ball 2-1: Ground out 4-3 (Groundball, 34S, EV 84.4 MPH)
|
| Bottom of the 9th over - 0 runs, 0 hits, 0 errors, 0 left on base; San Diego 1 - Chicago 0 |
|